 Dungeon Crawl Stone Soup version 0.30-a0-321-gf7783e6616 (webtiles) character file.

Game seed: 14320690291088941632

39 Bnni the Shield-Bearer (level 3, -4/24 (30) HPs)
             Began as a Formicid Fighter on Oct 26, 2022.
             Slain by Terence
             ... wielding the +7 Throatcutter {drain, coup de grace}
              (5 damage)
             ... on level 2 of the Dungeon.
             The game lasted 00:01:36 (930 turns).

Bnni the Shield-Bearer (Formicid Fighter)            Turns: 930, Time: 00:01:36

HP:   -4/24 (30)    AC:  6    Str: 28    XL:     3   Next: 70%
MP:   3/3           EV:  9    Int:  7    God:
Gold: 97            SH:  5    Dex: 13    Spells: 2/2 levels left

rFire   . . .      SeeInvis +    e - +0 dagger (venom)
rCold   . . .      Faith    .    c - +0 buckler
rNeg    . . .      Spirit   .    b - +0 scale mail
rPois   .          Reflect  .    (helmet unavailable)
rElec   .          Harm     .    (no cloak)
rCorr   .          Rampage  .    (no gloves)
Will    .....                    (no boots)
Stlth   ..........               g - amulet of magic regeneration
HPRegen 0.24/turn                k - +6 ring of strength
MPRegen 0.48/turn                (no ring)

@: mighty, heavily drained
A: permanent stasis, dig shafts and tunnels, antennae 3, four strong arms
a: Dig, Shaft Self


You were on level 2 of the Dungeon.
You visited 1 branch of the dungeon, and saw 2 of its levels.

You collected 97 gold pieces.

Inventory:

Hand Weapons
 a - a +0 flail
 e - a +0 dagger of venom (weapon)
Missiles
 j - 3 javelins
 l - 4 poisoned darts
Armour
 b - a +0 scale mail (worn)
 c - a +0 buckler (worn)
Jewellery
 g - an amulet of magic regeneration (around neck)
 k - a +6 ring of strength (left hand)
Scrolls
 h - a scroll of fog {unknown}
 m - a scroll of immolation {unknown}
 q - a scroll of vulnerability {unknown}
Potions
 f - a potion of heal wounds {unknown}
 i - 2 potions of curing
 n - a potion of berserk rage {unknown}
 o - a potion of degeneration {unknown}
 p - 2 potions of flight {unknown}


   Skills:
 + Level 3.6 Fighting
 * Level 2.8 Maces & Flails
 - Level 3.2 Armour
 * Level 4.8 Shields


You had 2 spell levels left.
You didn't know any spells.
Your spell library was empty.

Dungeon Overview and Level Annotations

Branches:
Dungeon (2/15)

Altars:

Annotations:
D:2 Terence


Innate Abilities, Weirdness & Mutations

You cannot be hasted, slowed, berserked, paralysed or teleported.
You can dig through walls and to a lower floor.
You have a pair of large antennae on your head. (SInv)
Your four strong arms can wield two-handed weapons with a shield.


Message History

You hit the hobgoblin but do no damage.
The hobgoblin is severely wounded.
You kill the hobgoblin!
No target in view!
Things that are here:
a +0 short sword; 2 stones Terence the Incautious comes into view.
He is wielding the +7 Throatcutter {drain, coup de grace}.
Found 11 gold pieces.
You see here a dark potion.
Terence closely misses you.
You completely miss Terence.
Terence hits you with the +7 Throatcutter {drain, coup de grace}!
You feel drained.
You hit Terence but do no damage.
Terence is poisoned.
You block Terence's attack.
You closely miss Terence. You block Terence's attack.
Terence hits you with the +7 Throatcutter {drain, coup de grace}!
You feel drained.
* * * LOW HITPOINT WARNING * * *
Okay, then.
You feel very mighty all of a sudden. You block Terence's attack.
You hit Terence but do no damage.
Terence looks as sick as possible!
Terence is lightly wounded.
Terence hits you with the +7 Throatcutter {drain, coup de grace}.
* * * LOW HITPOINT WARNING * * *
You feel drained.
* * * LOW HITPOINT WARNING * * *
Okay, then.
It was a potion of curing.
You feel better.
Terence hits you with the +7 Throatcutter {drain, coup de grace}!
* * * LOW HITPOINT WARNING * * *
You feel drained.
* * * LOW HITPOINT WARNING * * *
You feel better.
Terence hits you with the +7 Throatcutter {drain, coup de grace}!
Ouch! That really hurt!
* * * LOW HITPOINT WARNING * * *
You feel drained.
You die...

##.....## #.. $#
#........ #.. .#
#..>...## #.. .#
#.#...##
###..#.####.##.##
..$... #...##... ...#
#.#######.
####.#####.###).......
#
......@@.!......#####.
.###.......####>#
####.........#
#.#..###### #.#.!#
#.#..# .....# ###..#


You could see Terence (extremely poisoned).

Vanquished Creatures
  An adder (D:2)
  A dart slug (D:1)
  An orc (D:2)
  5 endoplasms (D:1)
  A giant cockroach (D:1)
  4 hobgoblins
  A quokka (D:1)
  2 ball pythons
  A bat (D:2)
  2 frilled lizards
  A goblin (D:1)
  4 kobolds
  4 rats (D:1)
28 creatures vanquished.

Notes
Turn   | Place    | Note
-------+----------+-------------------------------------------
     0 | D:1      | Bnni the Formicid Fighter began the quest for the Orb.
     0 | D:1      | Reached XP level 1. HP: 18/18 MP: 1/1
   208 | D:1      | Reached XP level 2. HP: 24/24 MP: 2/2
   685 | D:1      | Reached XP level 3. HP: 21/29 MP: 3/3
   920 | D:2      | Noticed Terence
   930 | D:2      | HP: 1/25 [Terence/the +7 Throatcutter {drain, coup de
                  | grace} (15)]
   930 | D:2      | Slain by Terence

Illustrated notes

Levels and vault maps discovered:
D:1:      dpeg_arrival_rooms_with_view, layout_basic
D:2:      layout_loops_ring, hangedman_decor_slide_cut,
          kennysheep_generic_room_8, uniq_robin, uniq_terence

Action                   || total
-------------------------++-------
Melee: Dagger            ||    80
       Flail             ||     6
  Use: Potion            ||     3
Armor: Scale mail        ||    36
Dodge: Dodged            ||    37
Block: Buckler           ||    19

Table legend: (Time is in decaauts)
 A = Elapsed time spent in this place.
 B = Non-inter-level travel time spent in this place.
 C = Inter-level travel time spent in this place.
 D = Time resting spent in this place.
 E = Time spent auto-exploring this place.
 F = Levels seen in this place.
 G = Mean time per level.
                   A        B        C        D        E       F      G
               +--------+--------+--------+--------+--------+-----+--------+
         Total |    933 |    879 |     54 |      0 |    677 |   2 |  466.5 |
       Dungeon |    933 |    879 |     54 |      0 |    677 |   2 |  466.5 |
               +--------+--------+--------+--------+--------+-----+--------+

Top non-repeatable levels by time:
     D:1: 756 daAuts
     D:2: 176 daAuts
